 Dungeon Crawl Stone Soup version 0.21-a0-150-gc243083 (webtiles) character file.

146 KarmaPolice the Vandal (level 5, -3/36 HPs)
             Began as a Halfling Hunter on July 29, 2017.
             Slain by a worm (4 damage)
             ... on level 3 of the Dungeon.
             The game lasted 00:07:10 (4055 turns).

KarmaPolice the Vandal (Halfling Hunter)            Turns: 4055, Time: 00:07:11

Health: -3/36      AC:  3    Str: 13    XL:     5   Next: 53%
Magic:  5/5        EV: 14    Int:  9    God:
Gold:   62         SH:  0    Dex: 16    Spells: 4/4 levels left

rFire    . . .     SeeInvis .   b - +0 short sword
rCold    . . .     Gourm    .   (shield restricted)
rNeg     . . .     Faith    .   c - +0 leather armour
rPois    .         Spirit   .   (no helmet)
rElec    .         Reflect  .   (no cloak)
rCorr    .         Harm     .   (no gloves)
MR       .....                  (no boots)
Stlth    ++........             (no amulet)
HPRegen  0.12/turn              (no ring)
MPRegen  0.09/turn              (no ring)

@: no status effects
A: mutation resistance 1
a: no special abilities


You were on level 3 of the Dungeon.
You were not hungry.

You visited 1 branch of the dungeon, and saw 3 of its levels.

You collected 62 gold pieces.

Inventory:

Hand Weapons
 a - a +1 hunting sling
 b - a +0 short sword (weapon)
Missiles
 d - 20 sling bullets
 e - 46 stones (quivered)
Armour
 c - a +0 leather armour (worn)
Jewellery
 k - a cursed ring of teleportation {unknown}
 o - an uncursed amulet of harm {unknown}
 p - an uncursed amulet of the gourmand {unknown}
Scrolls
 i - a scroll of enchant weapon {unknown}
 m - a scroll of fog {unknown}
 q - a scroll of identify {unknown}
Potions
 j - a potion of cancellation {unknown}
 l - a potion of magic {unknown}
 n - a potion of curing {unknown}
Comestibles
 f - 2 bread rations
 g - a meat ration
 h - 2 royal jellies


   Skills:
 + Level 3.6 Fighting
 + Level 0.8 Short Blades
 + Level 7.6 Slings
 - Level 2.1 Dodging
 - Level 1.1 Stealth


You had 4 spell levels left.
You didn't know any spells.

Dungeon Overview and Level Annotations

Branches:
Dungeon (3/15)

Altars:


Innate Abilities, Weirdness & Mutations

You are small and have problems with some larger weapons.
You are somewhat resistant to further mutation.


Message History

The worm is severely wounded.
You barely miss the worm.
The worm is severely wounded.
The worm bites you.
You completely miss the worm.
The worm is severely wounded.
You barely miss the worm.
The worm is severely wounded.
The worm bites you!
* * * LOW HITPOINT WARNING * * *
You barely miss the worm.
The worm is severely wounded.
The worm bites you!
* * * LOW HITPOINT WARNING * * *
You hit the worm.
The worm is severely wounded.
You hit the worm.
The worm is almost dead.
The worm bites you.
You die...

####.####### #...#
#............ #.###
#.##.#..#.....#### #.#
#.##.#..# #.. ...# #.#
##.##.. ...#...##.#####.#
##.####..###?...........#
....###..###..###.#######
##............###.#
##)########...w@?# #.#
######## #.# ..( #.# ...
... .##


You could see a worm.

Vanquished Creatures
  A bullfrog skeleton (D:3)
  5 adders (D:2)
  An ooze (D:2)
  A worm (D:2)
  A dart slug (D:2)
  2 leopard geckos (D:2)
  An orc (D:2)
  6 bats
  3 giant cockroaches (D:2)
  7 goblins
  7 hobgoblins
  5 jackals (D:2)
  3 frilled lizards (D:1)
  13 kobolds
  5 rats
61 creatures vanquished.

Notes
Turn   | Place    | Note
-------+----------+-------------------------------------------
     0 | D:1      | KarmaPolice the Halfling Hunter began the quest for the Orb.
     0 | D:1      | Reached XP level 1. HP: 14/14 MP: 1/1
    70 | D:1      | Reached skill level 6 in Slings
   277 | D:1      | Reached XP level 2. HP: 19/19 MP: 2/2
  1018 | D:1      | Reached XP level 3. HP: 19/25 MP: 3/3
  1951 | D:2      | Reached XP level 4. HP: 16/30 MP: 4/4
  2005 | D:2      | Reached skill level 7 in Slings
  3210 | D:2      | Reached XP level 5. HP: 36/36 MP: 5/5
  4053 | D:3      | HP: 1/36 [worm (7)]
  4055 | D:3      | Slain by a worm

Vault maps used:
D:1:      minmay_arrival_glassed_features, minmay_splitting_lines
D:2:      first_bread
D:3:      nicolae_gozag_seed_capital

Skill      XL: |  1  2  3  4 |
---------------+-------------+-----
Fighting       | 2 3 |  3.6
Slings         | 6 7 |  7.6
Short Blades   | |  0.8
Dodging        | |  2.1
Stealth        | |  1.1

Action                   |  1- 3 |  4- 6 || total
-------------------------+-------+-------++-------
Melee: Short sword       |   129 |   185 ||   314
 Fire: Hunting sling     |     1 |       ||     1
 Stab: Sleeping          |     3 |     2 ||     5
  Eat: Chunk             |     3 |     7 ||    10
Armor: Leather armour    |    25 |    31 ||    56
Dodge: Dodged            |    98 |   129 ||   227
